Map: [ESL] Amphion

Players

Maru

  • Race: Terran Terran
  • Spawn Location: 7:00

Dark - Winner!

  • Race: Zerg Zerg
  • Spawn Location: 11:00

Event: ESL Spring 2024 Finals

VOD

Have the link to the VOD?

Description

Time

  • Played on: June 2, 2024, 12:51 p.m.
  • Length: 19:17

All games in this series

Show
View Real Time Build Order
Export as new Build Order

Maru Terran 

Build Orders: Reaper Expand 

Get SALT Encoding   

  12  0:00  SCV  
  13  0:12  SCV  
  14  0:17  Supply Depot  
  14  0:24  SCV  
  15  0:39  SCV, Barracks  
  16  0:47  Refinery  
  16  0:51  SCV  
  17  1:03  SCV  
  18  1:15  SCV  
  19  1:28  Orbital Command  
  19  1:29  Reaper  
  20  1:42  Command Center  
  20  1:51  Supply Depot  
  20  1:53  SCV  
  22  2:05  SCV  
  22  2:14  Factory  
  22  2:17  SCV  
  23  2:23  Marine  
  23  2:29  SCV  
  24  2:40  Marine  
  24  2:41  SCV  
  26  2:51  Bunker  
  26  2:53  SCV  
  28  3:06  SCV, Barracks Reactor  
  28  3:08  Starport  
  28  3:16  Hellion  
  28  3:18  SCV  
  31  3:20  Orbital Command  
  31  3:30  SCV  
  31  3:36  Command Center  
  31  3:42  SCV  
  31  3:47  Hellion x2  
  36  3:48  SCV  
  36  3:52  Refinery  
  36  3:54  SCV  
  38  3:55  Viking  
  38  4:00  SCV  
  41  4:05  Supply Depot, Barracks Tech Lab  
  41  4:09  SCV  
  42  4:12  Hellion  
  46  4:17  SCV  
  46  4:21  SCV  
  46  4:24  Supply Depot  
  46  4:27  Liberator  
  46  4:29  SCV  
  50  4:33  SCV  
  51  4:40  Hellion  
  51  4:41  SCV  
  54  4:45  Marine  
  54  4:46  SCV, Supply Depot, Hellion  
  54  4:51  Orbital Command  
  58  4:53  SCV  
  58  4:55  Engineering Bay  
  58  4:56  Engineering Bay  
  58  4:58  SCV  
  60  5:01  Stimpack  
  60  5:03  Marine  
  60  5:05  SCV  
  62  5:08  Refinery  
  62  5:09  Supply Depot  
  62  5:10  SCV  
  62  5:13  Orbital Command  
  63  5:16  Starport Reactor  
  63  5:20  SCV  
  64  5:21  Barracks  
  64  5:22  SCV, Barracks  
  64  5:25  Terran Infantry Weapons Level 1, Factory Reactor  
  65  5:31  Supply Depot  
  65  5:32  SCV  
  65  5:34  SCV  
  67  5:38  Terran Infantry Armor Level 1  
  67  5:44  SCV  
  67  5:46  SCV, Marine  
  67  5:49  SCV  
  71  5:50  Barracks x2  
  71  5:56  SCV, Medivac  
  71  5:58  SCV  
  71  6:00  Medivac  
  71  6:03  Marine  
  75  6:05  SCV  
  75  6:07  Refinery  
  75  6:08  SCV  
  75  6:10  SCV  
  78  6:14  Marine x2  
  78  6:16  Supply Depot  
  78  6:17  SCV  
  81  6:19  Factory Tech Lab  
  81  6:21  Marine  
  81  6:24  Marine x2  
  84  6:26  SCV x2  
  84  6:29  SCV  
  84  6:32  Marine x2  
  89  6:33  Medivac x2  
  89  6:38  SCV x2  
  89  6:39  Marine, Supply Depot  
  96  6:40  Barracks Reactor x2  
  96  6:42  SCV, Marine x2  
  99  6:48  Supply Depot  
  99  6:50  SCV x2, Marine  
  99  6:51  Siege Tank  
  99  6:54  SCV  
  106  6:57  Supply Depot  
  106  7:02  SCV x2, Armory  
  106  7:03  Marine  
  106  7:05  Marine  
  106  7:06  SCV  
  111  7:10  Marine x2  
  111  7:12  Refinery  
  111  7:13  Refinery  
  111  7:14  SCV x2  
  115  7:18  SCV, Medivac x2  
  115  7:19  Command Center  
  115  7:20  Marine  
  115  7:22  Marine x3  
  124  7:26  SCV  
  125  7:31  Marine  
  125  7:32  Marine  
  125  7:35  Siege Tank  
  130  7:39  Marine x2  
  130  7:41  SCV  
  133  7:49  Supply Depot x4  
  133  7:50  Factory  
  133  7:52  Supply Depot  
  133  7:53  SCV  
  133  7:54  Marine  
  133  7:56  Terran Infantry Armor Level 2  
  129  8:00  Marine  
  129  8:02  Combat Shield, Marine x2  
  128  8:07  Siege Tank  
  128  8:08  Marine x2  
  133  8:13  SCV x3  
  133  8:15  Terran Infantry Weapons Level 2  
  136  8:20  Terran Vehicle Weapons Level 1  
  136  8:22  Marine  
  136  8:23  Marine x6  
  143  8:34  Marine  
  143  8:35  Marine  
  143  8:39  Siege Tank  
  150  8:41  Marauder  
  150  8:43  SCV x2  
  150  8:44  SCV, Marine  
  150  8:45  Marine x2  
  156  8:56  Barracks  
  156  8:57  Barracks  
  156  8:58  Barracks  
  156  9:01  Sensor Tower, SCV  
  159  9:03  SCV, Marauder  
  159  9:04  Planetary Fortress  
  159  9:08  Marine x2  
  159  9:09  Factory Tech Lab  
  162  9:11  Siege Tank, Medivac x2  
  163  9:21  Refinery  
  165  9:24  Marine x4, Marauder  
  165  9:29  Marine x2  
  171  9:38  Command Center, Marine  
  171  9:39  Marine  
  171  9:40  Siege Tank  
  171  9:41  Medivac x2  
  182  9:45  Marauder  
  176  9:53  Barracks Tech Lab x2  
  176  9:57  Marine x3  
  176  9:58  Barracks Tech Lab  
  179  10:01  Siege Tank  
  179  10:02  Marine x2  
  179  10:03  Marine  
  186  10:07  Marauder  
  186  10:11  Medivac  
  188  10:18  Command Center, Siege Tank, Medivac  
  187  10:24  Marine  
  188  10:34  Ghost Academy  
  188  10:35  Terran Vehicle Weapons Level 2  
  188  10:39  Refinery  
  188  10:47  Marine x2  
  188  10:48  Marine, Marauder  
  188  10:49  Siege Tank, Marine, Marauder  
  185  10:50  Siege Tank  
  185  10:53  Marine x2, Marauder x2  
  180  11:07  Marine  
  180  11:09  Medivac  
  180  11:10  Marauder x2  
  187  11:11  Marine  
  187  11:14  Marauder  
  187  11:15  Marauder  
  192  11:21  Command Center, Siege Tank  
  192  11:22  Siege Tank  
  198  11:31  Marauder  
  198  11:32  Marauder  
  193  11:36  Marine x4  
  193  11:37  Marine x2, Marauder x2  
  163  11:46  SCV x2  
  141  11:53  Marauder x2  
  115  11:54  Siege Tank, Marine x6  
  115  11:55  Factory Tech Lab  
  115  11:58  SCV x2  
  124  12:04  Engineering Bay x2  
  124  12:08  Marine  
  124  12:09  Marauder  
  124  12:10  SCV x2  
  124  12:12  Marine  
  124  12:14  Marauder  
  130  12:18  Marine x3, Barracks Tech Lab  
  130  12:19  Marauder  
  130  12:22  SCV x2  
  137  12:24  Orbital Command  
  137  12:27  Siege Tank  
  140  12:30  Marine, Marauder  
  140  12:32  Siege Tank  
  140  12:34  SCV x2  
  148  12:46  SCV x2  
  148  12:49  Orbital Command  
  150  12:51  Terran Infantry Armor Level 3, Terran Infantry Weapons Level 3  
  150  12:58  SCV x2  
  150  12:59  Siege Tank, Marine  
  150  13:02  Viking  
  150  13:04  Siege Tank  
  160  13:10  SCV x2  
  162  13:20  Ghost x3  
  162  13:21  Ghost  
  162  13:24  Supply Depot  
  162  13:25  Supply Depot x2  
  170  13:35  Ghost  
  170  13:44  Orbital Command  
  170  13:46  SCV x3  
  173  13:48  Ghost  
  173  13:53  Ghost x2  
  162  13:57  Marine  
  162  14:01  SCV x3  
  150  14:12  Ghost  
  150  14:13  SCV  
  153  14:17  Planetary Fortress  
  153  14:19  Orbital Command  
  153  14:21  SCV x2  
  153  14:22  Orbital Command  
  153  14:23  Marine x2  
  156  14:25  SCV  
  156  14:26  Factory Reactor, Marine  
  156  14:27  Marauder  
  156  14:35  SCV  
  156  14:37  SCV  
  143  14:47  SCV x3  
  143  14:49  SCV  
  143  14:50  Marine  
  143  14:51  Marauder  
  150  14:59  SCV x3, Personal Cloaking  
  153  15:04  Widow Mine, Marine x2  
  150  15:12  SCV  
  150  15:13  SCV  
  150  15:15  SCV x2  
  150  15:18  Marine  
  153  15:22  Widow Mine  
  153  15:24  SCV  
  153  15:34  Marine x2  
  133  15:36  SCV  
  123  15:43  Widow Mine x2  
  123  15:44  Marine x2, Marauder  
  123  15:48  Marauder  
  123  15:49  Marine x2  
  133  15:51  SCV x4  
  133  15:52  Marine x2  
  139  16:02  Marine x2  
  139  16:03  SCV x4  
  145  16:04  Widow Mine  
  145  16:05  Marine  
  145  16:06  Marine  
  145  16:07  Marine  
  145  16:08  Refinery  
  145  16:09  Marine, Refinery x2  
  145  16:10  Marine x2  
  151  16:16  Widow Mine  
  151  16:23  Marauder  
  151  16:24  Marine x2  
  151  16:25  SCV x2, Marauder  
  153  16:26  SCV  
  153  16:27  SCV  
  157  16:33  Marine x3, Marauder  
  157  16:37  SCV  
  157  16:38  SCV x2  
  157  16:39  SCV  
  166  16:42  Marine x2  
  151  16:50  SCV x3  
  151  16:51  SCV  
  148  16:58  Widow Mine x2, Marine x3  
  148  16:59  Marauder x3  
  159  17:02  SCV x3, Marine  
  159  17:03  SCV  
  164  17:14  SCV x2  
  146  17:15  Medivac  
  166  17:16  Marine x3, Ghost  
  166  17:19  Widow Mine  
  166  17:20  Marauder x2, Marine, Supply Depot  
  179  17:33  Marine x2  
  179  17:34  Widow Mine, Marine  
  164  17:40  Widow Mine  
  164  17:41  Marine x2, Marauder x2  
  137  17:45  Marine  
  137  17:50  Marine  
  125  17:51  Marine  
  125  17:52  Marine  
  125  17:57  SCV x2  
  121  18:12  Marine  
  84  18:40  Orbital Command x2  
Show
View Real Time Build Order
Export as new Build Order

Dark Zerg - Winner!

Build Orders: Pool First 

Get SALT Encoding   

  12  0:00  Drone  
  13  0:13  Overlord  
  13  0:17  Drone  
  14  0:31  Drone  
  14  0:32  Drone  
  16  0:42  Spawning Pool  
  15  0:45  Drone  
  16  0:50  Drone  
  17  0:57  Drone  
  18  1:14  Hatchery  
  18  1:16  Extractor  
  16  1:28  Zergling x4  
  16  1:29  Zergling x2  
  19  1:35  Queen  
  21  1:41  Overlord  
  21  1:51  Drone  
  22  2:05  Drone  
  23  2:10  Queen  
  25  2:16  Metabolic Boost  
  25  2:21  Drone  
  26  2:29  Drone x2  
  27  2:33  Drone  
  27  2:38  Drone, Queen  
  29  2:48  Drone  
  30  2:51  Drone x2  
  30  2:56  Overlord  
  32  3:04  Zergling x2  
  32  3:05  Zergling x4  
  35  3:17  Zergling x4  
  37  3:28  Drone x4  
  37  3:32  Drone  
  42  3:36  Drone  
  42  3:37  Hatchery  
  42  3:41  Overlord  
  42  3:46  Queen  
  44  3:49  Overlord  
  44  3:59  Queen  
  44  4:00  Drone x2  
  44  4:01  Drone x3  
  51  4:05  Drone  
  51  4:08  Drone  
  53  4:16  Drone x2  
  55  4:19  Drone  
  55  4:22  Queen  
  58  4:26  Drone x2  
  58  4:28  Overlord  
  58  4:30  Overlord  
  60  4:45  Spore Crawler  
  60  4:46  Queen  
  60  4:48  Drone x5  
  60  4:52  Drone  
  67  4:54  Drone x3  
  67  4:58  Evolution Chamber, Drone x2  
  71  5:00  Queen  
  71  5:01  Evolution Chamber  
  71  5:04  Drone  
  71  5:06  Drone  
  74  5:08  Overlord  
  74  5:11  Overlord  
  74  5:20  Overlord  
  74  5:21  Spore Crawler  
  73  5:22  Drone  
  73  5:24  Zerg Melee Weapons Level 1  
  73  5:26  Hatchery  
  74  5:28  Drone x5  
  74  5:33  Drone x3  
  74  5:34  Drone x2  
  74  5:35  Drone  
  84  5:40  Zerg Ground Armor Level 1  
  84  5:41  Drone  
  85  5:55  Zergling x4  
  85  5:56  Drone x2  
  89  5:59  Drone  
  89  6:00  Drone  
  89  6:01  Extractor  
  89  6:02  Extractor  
  89  6:03  Extractor, Drone x2  
  90  6:05  Queen  
  90  6:06  Extractor  
  90  6:08  Drone x5  
  96  6:14  Hatchery  
  96  6:15  Overlord  
  95  6:22  Overlord  
  95  6:27  Overlord  
  95  6:28  Drone x3  
  95  6:30  Lair, Hatchery  
  97  6:33  Overlord  
  97  6:38  Zergling x8  
  101  6:40  Baneling Nest  
  101  6:41  Zergling x8  
  104  6:48  Zergling x14  
  104  6:52  Zergling x6  
  114  6:56  Drone  
  114  6:59  Zergling x2  
  116  7:04  Zergling x4  
  118  7:09  Zergling x8  
  122  7:15  Overlord  
  122  7:18  Overlord  
  122  7:21  Zergling x20  
  132  7:25  Spore Crawler  
  132  7:26  Overlord  
  132  7:29  Zergling x6  
  134  7:30  Infestation Pit  
  134  7:31  Hydralisk Den  
  134  7:32  Hatchery  
  134  7:35  Drone x5  
  135  7:39  Drone  
  136  7:44  Zergling x2  
  136  7:45  Zergling x4  
  136  7:47  Drone  
  137  7:57  Zergling x12  
  137  7:58  Zergling x6  
  142  7:59  Centrifugal Hooks  
  142  8:04  Zerg Ground Armor Level 2, Zerg Melee Weapons Level 2  
  142  8:05  Zergling x12  
  138  8:11  Zergling x12  
  138  8:12  Hive  
  144  8:18  Baneling x10  
  144  8:20  Zergling x4  
  144  8:21  Zergling x12  
  144  8:22  Zergling x2  
  144  8:25  Hatchery  
  144  8:26  Baneling x3  
  152  8:28  Zergling x6  
  152  8:36  Zergling x10  
  157  8:49  Drone x2  
  157  8:51  Zergling x12  
  165  8:58  Overlord x2  
  165  9:02  Baneling  
  165  9:03  Baneling x10  
  163  9:10  Overlord  
  163  9:12  Zergling x4  
  163  9:16  Baneling x4  
  165  9:17  Zergling x2  
  165  9:18  Zergling x30  
  165  9:23  Hatchery x2  
  179  9:27  Overlord  
  179  9:28  Overlord  
  179  9:30  Zergling x18  
  188  9:33  Overlord  
  188  9:40  Overlord  
  186  9:46  Baneling x2, Viper x2  
  186  9:51  Drone  
  186  9:52  Drone x8  
  190  9:53  Drone x2  
  189  10:00  Zergling x16  
  189  10:01  Baneling  
  189  10:02  Baneling x6  
  197  10:07  Baneling  
  197  10:08  Baneling  
  197  10:11  Adrenal Glands  
  197  10:20  Drone x3  
  200  10:26  Zerg Ground Armor Level 3, Zerg Melee Weapons Level 3  
  200  10:35  Burrow  
  200  10:37  Baneling x3, Hatchery  
  199  10:43  Baneling x5  
  199  10:44  Baneling x3  
  181  10:52  Zergling x32  
  181  10:55  Zergling x16  
  191  10:57  Zergling x10  
  191  11:00  Zergling x4  
  198  11:05  Zergling x2  
  198  11:10  Baneling x2  
  199  11:15  Baneling x3  
  189  11:34  Zergling x16  
  189  11:35  Zergling x6  
  189  11:36  Zergling x2  
  189  11:38  Zergling x18  
  173  11:40  Zergling x2  
  173  11:45  Zergling x2  
  173  11:46  Zergling x6  
  159  11:51  Zergling x14  
  151  11:58  Zergling x14  
  149  12:02  Zergling x4  
  149  12:04  Zergling x4  
  149  12:08  Drone  
  149  12:09  Drone  
  149  12:14  Zergling x6  
  150  12:17  Baneling x5  
  150  12:18  Baneling x8, Viper, Hatchery  
  151  12:23  Zergling x6  
  151  12:25  Zergling x14  
  161  12:30  Zergling x2  
  161  12:32  Zergling x2  
  161  12:33  Baneling x7  
  161  12:36  Zergling x28  
  177  12:37  Zergling x2  
  177  12:41  Zergling x4  
  177  12:43  Grooved Spines  
  178  12:47  Zergling x4  
  178  12:48  Zergling x2  
  181  12:55  Zergling x12  
  187  13:03  Viper, Zerg Missile Weapons Level 1  
  186  13:07  Zergling x18  
  194  13:13  Zergling x12  
  200  13:20  Baneling  
  200  13:21  Baneling x9  
  200  13:26  Hatchery  
  197  13:33  Muscular Augments  
  196  13:36  Hatchery  
  196  13:39  Baneling x3  
  196  13:40  Baneling x12  
  172  14:02  Hydralisk x12, Zergling x2  
  172  14:05  Drone x4  
  172  14:06  Drone  
  172  14:08  Drone x3  
  176  14:24  Zergling x2  
  176  14:25  Zergling x10  
  176  14:27  Zergling x2  
  176  14:29  Zergling x8  
  184  14:32  Zergling x2  
  184  14:35  Zergling x4  
  184  14:36  Zergling x2  
  184  14:37  Zergling x6  
  191  14:38  Zergling x2  
  184  14:45  Hydralisk  
  184  14:47  Zergling x10  
  184  14:51  Overseer x3  
  184  14:52  Pneumatized Carapace  
  191  14:59  Zergling x6  
  199  15:00  Zergling x10  
  199  15:03  Baneling  
  199  15:13  Overlord  
  199  15:15  Extractor  
  199  15:17  Baneling x6  
  199  15:19  Baneling x8  
  199  15:20  Baneling  
  198  15:22  Hatchery  
  179  15:31  Zergling x32  
  179  15:32  Zergling x8  
  175  15:40  Zergling x2  
  175  15:42  Baneling  
  152  15:44  Hydralisk  
  152  15:45  Hydralisk x2  
  152  15:46  Zergling x6  
  161  15:50  Extractor, Lurker Den  
  161  15:52  Zergling x2  
  161  15:55  Zergling x2  
  161  15:58  Zergling x10  
  161  16:02  Hydralisk  
  167  16:09  Zergling x12  
  167  16:11  Zerg Missile Weapons Level 2  
  173  16:14  Zergling x2  
  172  16:24  Zergling x14  
  172  16:25  Baneling x6  
  177  16:27  Zergling x12  
  177  16:32  Zergling x6  
  185  16:39  Zergling x12  
  191  16:46  Hatchery  
  179  16:50  Zergling x4  
  174  16:55  Zergling x18  
  174  16:59  Seismic Spines  
  181  17:02  Hydralisk x2  
  181  17:03  Hydralisk x4  
  181  17:05  Zergling x12  
  181  17:06  Baneling x5  
  199  17:23  Baneling x2  
  199  17:31  Hatchery  
  190  17:40  Hydralisk x6  
  190  17:41  Zergling x4  
  190  17:42  Zergling x18  
  190  17:44  Zergling x12  
  197  17:45  Hydralisk  
  197  17:47  Lurker x2  
  198  17:56  Adaptive Talons  
  198  17:58  Zergling x12  
  191  18:00  Zergling x2  
  191  18:01  Zergling x4  
  191  18:02  Baneling x8  
  191  18:03  Baneling x2, Zergling x4  
  191  18:04  Zergling x2  
  166  18:13  Zergling x8  
  150  18:29  Lurker x7  
  150  18:31  Lurker x4  
  150  18:33  Zergling x4  
  158  18:38  Zergling x4  
  158  18:41  Zergling x2  
  152  18:43  Zergling x2  
  150  18:50  Baneling x10  
  150  18:51  Spawning Pool  
Tags
 
Add a new tag
Caveats
  • Supply blocks, unpowered buildings, or Contaminate may cause inaccurate times.
  • Supply counts are checked every 10 seconds.